cohdb
Replays
Latest Replays
All Replays
Popular Replays
Top Player Replays
Match Explorer
How It Works
Community
CoH3 Stats
Reddit
Sign in to upload your games and track your stats! →
Sign in with Steam
Match 42256917
Unlisted
Match 42256917
Overview
Messages
Build Orders
End
Scout Squad
Construct Barracks
Selects Advanced Infantry Battlegroup
Riflemen Squad
Riflemen Squad
Grenade Package
Engineer Squad
Construct Weapon Support Center
Selects Artillery Observers
Infantry Support Center
Construct Medical Station
Riflemen Squad
Selects Convert to Ranger Squad
Convert to Ranger Squad
Advanced Logistics
Riflemen Squad
M1 Mortar Team
Convert to Ranger Squad
Construct Motor Pool
Selects M2A1 105mm Howitzer Emplacement
Selects Frontline Medical Station
Construct Tank Depot
mp5
agrobio
Dawes
Whitent
Chillerin
Tur75
Benirho --'
gambikules
0
0
Comments
sign in to comment!
No comments posted yet!